Match 47426088
Unlisted

Match 47426088
End
Construct Infanterie Kompanie
Grenadier Squad
Grenadier Squad
MG 42 Machine Gun Team
GrW 34 Mortar Team
Medical Station
Construct Panzergrenadier Kompanie
Pak 40 Anti-tank Gun Team
Panzergrenadier Squad
Support Elements
Nebelwerfer 42 Rocket Launcher Team
Medical Bunker
Panzergrenadier Squad
Pioneer Squad
Construct Panzer Kompanie
Panzer IV Medium Tank
Selects Mechanized Battlegroup
Selects Mobile Repair Stations
Selects Wespe Self-propelled Artillery
Wespe Self-propelled Artillery
Selects Zeroing Artillery Barrage
Selects Raid Package
Selects StuG Assault Group
Selects UNKNOWN (2160084)
Medical Bunker
Panther Heavy Tank
Zeroing Artillery Barrage
Panther Heavy Tank
251 Medium Carrier
Nebelwerfer 42 Rocket Launcher Team
Sturmpanzer IV Brummbär
Panzer Officer Quarters
Zeroing Artillery Barrage
Err
lengfeng988
不太彳亍
小樱Young Dream
Clipper__________
ShiZzle
TweeMansLeger
ghenakfn654
0
0

Comments sign in to comment!

No comments posted yet!